 Dungeon Crawl Stone Soup version 0.30-a0-743-gbfdf073431 (webtiles) character file.

Game seed: 17117533604357419734

9450 hikkokomori the Thaumaturge (level 11, -10/84 HPs)
             Began as a Demonspawn Gladiator on Feb 7, 2023.
             Was a Believer of Okawaru.
             Shot with an arrow by a centaur warrior (16 damage)
             ... on level 9 of the Dungeon.
             The game lasted 00:26:20 (9392 turns).

hikkokomori the Thaumaturge (Demonspawn Gladiator)  Turns: 9392, Time: 00:26:20

Health: -10/84     AC:  9    Str: 17      XL:     11   Next: 23%
Magic:  16/23      EV: 12    Int: 11      God:    Okawaru [**....]
Gold:   308        SH:  5    Dex: 17 (18) Spells: 10/26 levels left

rFire   . . .      SeeInvis .    b - +1 scimitar (flame)
rCold   x . .      Faith    .    (no shield)
rNeg    . . .      Spirit   .    O - +0 scale mail of Analysis {rF- Will+++ Regen+ Str+3}
rPois   .          Reflect  +    c - +0 helmet
rElec   .          Harm     .    E - +0 cloak
rCorr   .          Rampage  .    (no gloves)
Will    +++..                    (boots unavailable)
Stlth   ++                       D - amulet of reflection
HPRegen 1.14/turn                w - ring of fire
MPRegen 0.18/turn                (no ring)

@: studying Spellcasting
A: hooves 3, spiny 2, demonic magic 2
a: Renounce Religion, Heroism


You were on level 9 of the Dungeon.
You worshipped Okawaru.
Okawaru was pleased with you.
You visited 2 branches of the dungeon, and saw 10 of its levels.

You collected 616 gold pieces.
You spent 308 gold pieces at shops.

Inventory:

Hand Weapons
 a - a +0 long sword
 b - a +1 scimitar of flaming (weapon)
 q - a +3 spear
 P - a +0 arbalest
Missiles
 d - a throwing net
 e - 3 javelins
 p - 4 boomerangs (quivered)
Armour
 c - a +0 helmet (worn)
 E - a +0 cloak (worn)
 F - a +0 robe of fire resistance
 G - the +1 robe of Starshine {Drain rElec Int+2}
   (You bought it in a shop on level 3 of the Dungeon)

   Int:       It affects your intelligence (+2).
   rElec:     It insulates you from electricity.
   Drain:     It drains your maximum health when unequipped.
 K - +0 steam dragon scales
 O - the +0 scale mail of Analysis (worn) {rF- Will+++ Regen+ Str+3}
   (You bought it in a shop on level 3 of the Dungeon)

   Str:       It affects your strength (+3).
   rF:        It makes you vulnerable to fire.
   Regen:     It increases your rate of health regeneration.
   Will:      It greatly increases your willpower.
Jewellery
 w - a ring of fire (left hand)
 D - an amulet of reflection (around neck)
 R - an amulet of regeneration
Wands
 v - a wand of polymorph (5)
 y - a wand of mindburst (5)
 C - a wand of quicksilver (1)
 I - a wand of flame (14)
 U - a wand of charming (5)
Scrolls
 f - a scroll of summoning {unknown}
 g - 2 scrolls of vulnerability
 h - a scroll of teleportation
 i - a scroll of torment {unknown}
 j - a scroll of enchant weapon {unknown}
 n - a scroll of fear {unknown}
 o - 3 scrolls of magic mapping {unknown}
 s - a scroll of enchant armour {unknown}
 u - 6 scrolls of identify {unknown}
 A - 2 scrolls of immolation {unknown}
 M - a scroll of brand weapon {unknown}
 Q - a scroll of fog {unknown}
 S - a scroll of poison {unknown}
 T - a scroll of noise {unknown}
Potions
 k - 4 potions of brilliance
 l - 2 potions of mutation {unknown}
 m - 2 potions of ambrosia {unknown}
 r - 5 potions of degeneration
 t - 2 potions of haste {unknown}
 x - a potion of curing
 z - a potion of might {unknown}
 B - 6 potions of attraction
 H - 4 potions of heal wounds {unknown}
 J - 2 potions of lignification {unknown}
 L - 2 potions of flight


   Skills:
 - Level 7.0 Fighting
 - Level 6.7 Long Blades
 - Level 1.7 Throwing
 + Level 4.0 Armour
 + Level 5.4 Dodging
 - Level 4.5 Stealth
 - Level 8.3 Spellcasting
 - Level 4.5 Conjurations
 + Level 4.2 Air Magic
 - Level 3.4 Earth Magic
 + Level 6.7 Poison Magic


You had 10 spell levels left.
You knew the following spells:

 Your Spells              Type           Power      Damage    Failure   Level
a - Mephitic Cloud        Conj/Pois/Air  15%        N/A       17%         3
b - Stone Arrow           Conj/Erth      26%        3d8       28%         3
c - Passwall              Tmut/Erth      6%         N/A       36%         2
d - Ensorcelled Hibernat  Hex/Ice        8%         N/A       58%         2
e - Swiftness             Air            13%        N/A       26%         3
f - Vhi's Electric Charg  Tloc/Air       18%        N/A       52%         3

Your spell library contained the following spells:

 Spells                   Type           Power      Damage    Failure   Level
 Poisonous Vapours        Pois/Air       32%        N/A       8%          2
 Static Discharge         Conj/Air       28%        2-4/arc   12%         2
 Cigotuvi's Dreadful Rot  Necr/Pois/Air  24%        N/A       17%         2
 Dazzling Flash           Conj/Hex       18%        N/A       50%         3
 Arcjolt                  Conj/Air       7%         1d17      92%         5
 Lightning Bolt           Conj/Air       7%         1d19      92%         5
 Silence                  Hex/Air        4%         N/A       99%         5
 Agony                    Necr           4%         N/A       100%        5
 Lehudib's Crystal Spear  Conj/Erth      6%         10d3      100%        8
 Summon Small Mammal      Summ           Unusable   N/A       N/A         1
 Call Canine Familiar     Summ           Unusable   N/A       N/A         3
 Summon Guardian Golem    Hex/Summ       Unusable   N/A       N/A         3
 Animate Armour           Summ/Erth      Unusable   N/A       N/A         4
 Summon Ice Beast         Ice/Summ       Unusable   N/A       N/A         4
 Summon Mana Viper        Hex/Summ       Unusable   N/A       N/A         5
 Monstrous Menagerie      Summ           Unusable   N/A       N/A         7

Dungeon Overview and Level Annotations

Branches:
Dungeon (9/15)             Temple (1/1) D:7
   Lair: D:8-11         Orc: D:9-12

Altars:
Okawaru
Ru
Xom

Shops:
D:2 (   D:3 [


Innate Abilities, Weirdness & Mutations

You have hooves in place of feet.
You are mostly covered in sharp spines.
Spells you cast may paralyse nearby enemies.


Message History

You block the tengu warrior's attack. The tengu warrior barely misses you.
You slash the tengu warrior! You burn the tengu warrior.
The tengu warrior is severely wounded.
You slash the tengu warrior! You burn the tengu warrior.
Your kick misses the tengu warrior. You punch the tengu warrior.
The tengu warrior is almost dead.
The tengu warrior closely misses you. The tengu warrior pecks you.
The tengu warrior claws you.
You hit the tengu warrior. You burn the tengu warrior.
You kill the tengu warrior!
Okawaru is honoured by your kill.
A centaur warrior comes into view.
The centaur warrior wields a +0 longbow.
The centaur warrior shoots an arrow.
The arrow hits you!
Your Armour skill increases to level 4!
The centaur warrior shoots an arrow.
You reflect the arrow off an invisible shield around you!
The arrow hits the centaur warrior!!
The centaur warrior shoots an arrow.
The arrow barely misses you.
The centaur warrior shoots an arrow.
The arrow barely misses you.
The centaur warrior shoots an arrow.
The arrow hits you!
The centaur warrior shoots an arrow.
The arrow hits you!!
* * * LOW HITPOINT WARNING * * *
You are too injured to fight recklessly!
You are too injured to fight recklessly!
Casting: Mephitic Cloud (dangerous; 17% risk of failure)
Confirm with . or Enter, or press ? or * to list all spells.
Aiming: Mephitic Cloud (dangerous; 17% risk of failure)
Press: ? - help, Shift-Dir - straight line, f - centaur warrior
Aim: a centaur warrior, wielding a +0 longbow (heavily wounded, chance to affect: 53%)
The ball explodes into a vile cloud!
The stinking cloud engulfs the centaur warrior but does no damage.
The centaur warrior is heavily wounded.
Malevolent energies surge around you.
The centaur warrior is engulfed in noxious fumes.
The centaur warrior shoots an arrow.
The arrow hits you!
* * * LOW HITPOINT WARNING * * *
The centaur warrior is engulfed in noxious fumes.
The centaur warrior shoots an arrow.
The arrow hits you!
You die...

#......#......######..#########..
'......#..............# #..
'......##.............# #..
#.......#.............# #..
#......>#.............# #..
#.......#......)......# #..
#######.#.............# #..
......#.#.............#########..
......###.......@................
......(.).........☼..............
......))....#####c#..............
.>..........#.....#..............
##..........#.....#.......##'####
#..........#.....#.......#......
#..........#.....#.......#......
#.###'##...#....##.......#......
##.#....#...#....#........#......


You could see a centaur warrior.

Vanquished Creatures
  A two-headed ogre (D:9)
  A tengu warrior (D:9)
  2 centaur warriors (D:9)
  Pikel (D:5)
  A wizard (D:9)
  A gargoyle (D:9)
  Maggie (D:7)
  A troll (D:9)
  Prince Ribbit (D:5)
  2 vampires (D:9)
  A yak (D:9)
  A wraith (D:9)
  2 wyverns
  A steam dragon (D:6)
  4 humans (D:7)
  2 vampire mosquitoes (D:9)
  Menkaure (D:6)
  2 water moccasins (D:9)
  Pargi (D:3)
  2 ice beasts
  An orc warrior (D:7)
  A black bear (D:6)
  An ogre (D:5)
  2 lemures (D:5)
  3 phantoms
  3 centaurs
  3 kobold brigands (D:9)
  3 bullfrogs
  2 gnoll sergeants
  A necrophage (D:5)
  2 scorpions
  3 wights (D:7)
  10 killer bees
  2 howler monkeys
  An electric eel (D:7)
  A hound (D:7)
  3 jellies (D:7)
  3 orc priests
  2 iguanas (D:5)
  7 orc wizards
  Terence (D:3)
  4 adders
  A shadow imp (D:5)
  2 white imps
  An ufetubus (D:6)
  3 dart slugs
  2 worms
  43 orcs
  4 ball pythons
  6 bats
  3 endoplasms
  2 giant cockroaches
  5 hobgoblins
  3 jackals
  2 quokkas
  2 frilled lizards (D:1)
  7 goblins
  16 kobolds
  4 rats
194 creatures vanquished.

Notes
Turn   | Place    | Note
-------+----------+-------------------------------------------
     0 | D:1      | hikkokomori the Demonspawn Gladiator began the quest for
                  | the Orb.
     0 | D:1      | Reached XP level 1. HP: 16/16 MP: 1/1
    59 | D:1      | You fall into a shaft and drop 1 floor!
    71 | D:2      | Gained mutation: Spells you cast may paralyse adjacent
                  | enemies. [demonic ancestry]
    71 | D:2      | Reached XP level 2. HP: 5/22 MP: 2/2
    75 | D:2      | HP: 1/22 [poisoned by an adder]
   503 | D:1      | Reached skill level 1 in Stealth
   732 | D:1      | Reached XP level 3. HP: 28/28 MP: 3/3
  1280 | D:2      | Found Liloegau's Weapon Shop.
  1673 | D:3      | Noticed Pargi
  1937 | D:3      | Found Ilicihah's Antique Armour Emporium.
  2095 | D:4      | Gained mutation: You are partially covered in sharp spines.
                  | [demonic ancestry]
  2095 | D:4      | Reached XP level 4. HP: 34/34 MP: 4/4
  2100 | D:4      | Noticed a gnoll sergeant
  2103 | D:4      | Learned a level 3 spell: Mephitic Cloud
  2563 | D:4      | Found a shimmering altar of Xom.
  2960 | D:5      | Entered Level 5 of the Dungeon
  3171 | D:5      | Reached skill level 1 in Spellcasting
  3245 | D:5      | Noticed a phantom
  3248 | D:5      | Gained mutation: Spells you cast may paralyse nearby
                  | enemies. [demonic ancestry]
  3248 | D:5      | Reached XP level 5. HP: 41/41 MP: 6/6
  3253 | D:4      | Reached skill level 1 in Conjurations
  3253 | D:4      | Reached skill level 1 in Poison Magic
  3269 | D:5      | Noticed an ogre
  3336 | D:5      | Killed a phantom
  3337 | D:5      | Reached skill level 2 in Spellcasting
  3337 | D:5      | Gained mutation: You are mostly covered in sharp spines.
                  | [demonic ancestry]
  3337 | D:5      | Reached XP level 6. HP: 25/47 MP: 7/9
  3555 | D:5      | Reached skill level 3 in Spellcasting
  3599 | D:5      | Reached XP level 7. HP: 37/53 MP: 11/11
  3756 | D:5      | Noticed Prince Ribbit
  3760 | D:5      | Noticed Pikel
  4172 | D:5      | Killed Prince Ribbit
  4173 | D:5      | Reached skill level 4 in Spellcasting
  4251 | D:5      | Killed Pikel
  4252 | D:5      | Reached skill level 5 in Fighting
  4252 | D:5      | Reached skill level 5 in Long Blades
  4252 | D:5      | Reached skill level 5 in Spellcasting
  4252 | D:5      | Gained mutation: You have large cloven feet. [demonic
                  | ancestry]
  4252 | D:5      | Reached XP level 8. HP: 46/62 MP: 13/16
  5167 | D:3      | Killed Pargi
  5209 | D:3      | Bought a creamy pearl robe for 119 gold pieces
  5209 | D:3      | Identified the +1 robe of Starshine {Drain rElec Int+2}
                  | (You bought it in a shop on level 3 of the Dungeon)
  5372 | D:3      | Noticed Terence
  5384 | D:3      | Killed Terence
  5718 | D:6      | Reached skill level 6 in Spellcasting
  5733 | D:6      | Learned a level 3 spell: Stone Arrow
  5854 | D:6      | Reached XP level 9. HP: 50/69 MP: 18/18
  6050 | D:6      | Noticed Menkaure
  6056 | D:6      | Killed Menkaure
  6057 | D:6      | Reached skill level 1 in Earth Magic
  6420 | D:3      | Bought a blackened scale mail for 189 gold pieces
  6420 | D:3      | Identified the +0 scale mail of Analysis {rF- Will+++
                  | Regen+ Str+3} (You bought it in a shop on level 3 of the
                  | Dungeon)
  6538 | D:7      | Noticed Maggie
  6554 | D:7      | Killed Maggie
  6622 | D:7      | Reached skill level 7 in Spellcasting
  6850 | D:7      | Found a staircase to the Ecumenical Temple.
  6869 | Temple   | Entered the Ecumenical Temple
  7364 | D:7      | Reached skill level 8 in Spellcasting
  7486 | D:8      | Gained mutation: You have hoof-like feet. [demonic
                  | ancestry]
  7486 | D:8      | Reached XP level 10. HP: 77/77 MP: 22/22
  8016 | D:9      | Learned a level 2 spell: Passwall
  8019 | D:9      | Learned a level 2 spell: Ensorcelled Hibernation
  8023 | D:9      | Learned a level 3 spell: Swiftness
  8027 | D:9      | Learned a level 3 spell: Vhi's Electric Charge
  8279 | D:9      | Reached skill level 1 in Air Magic
  8494 | D:9      | Reached skill level 1 in Armour
  8513 | D:9      | Noticed a two-headed ogre
  8522 | D:9      | Killed a two-headed ogre
  8523 | D:9      | Reached skill level 5 in Poison Magic
  8769 | Temple   | Became a worshipper of Warmaster Okawaru
  8953 | D:9      | Noticed a centaur warrior
  8968 | D:9      | Noticed a centaur warrior
  9015 | D:9      | Killed a centaur warrior
  9015 | D:9      | Reached * piety under Okawaru
  9067 | D:9      | Noticed a wizard
  9072 | D:9      | Noticed a gargoyle
  9078 | D:9      | Killed a wizard
  9096 | D:9      | Killed a gargoyle
  9096 | D:9      | Reached ** piety under Okawaru
  9097 | D:9      | Gained mutation: You have hooves in place of feet. [demonic
                  | ancestry]
  9097 | D:9      | Reached XP level 11. HP: 31/84 MP: 23/23
  9189 | D:9      | Reached skill level 5 in Dodging
  9302 | D:9      | Noticed a centaur warrior
  9319 | D:9      | Killed a centaur warrior
  9377 | D:9      | Noticed a tengu warrior
  9387 | D:9      | Killed a tengu warrior
  9387 | D:9      | Noticed a centaur warrior
  9392 | D:9      | Shot with an arrow by a centaur warrior

Illustrated notes

Levels and vault maps discovered:
D:1:      heliophobic_arrival_dark_side_of_the_moon, layout_loops_corners,
          minmay_misc_feat_five, fountainhead, hex_tiny
D:2:      layout_loops_ring, serial_shops, nicolae_shop_crystal
D:3:      layout_rooms, serial_shops, shop, uniq_pargi, uniq_terence
D:4:      layout_layer_cave, mainiacjoe_overflow_cross_hatched,
          minmay_manual_monstrance
D:5:      layout_basic, minivault_26, kennysheep_generic_room_5,
          uniq_prince_ribbit1, uniq_pikel
D:6:      layout_basic, minmay_misc_feat_alley, uniq_menkaure
D:7:      layout_basic, temple_statues, kennysheep_path_1, minmay_ruffians,
          uniq_maggie
D:8:      layout_rooms
D:9:      hangedman_cross_veins, layout_irregular_city
Temple:   regret_index_temple_sigil_plot

Skill      XL: |  1  2  3  4  5  6  7  8  9 10 11 |
---------------+----------------------------------+-----
Dodging        | 3 4 5 |  5.4
Stealth        | 1 2 4 |  4.5
Long Blades    | 3 4 5 6 |  6.7
Fighting       | 3 5 6 7 |  7.0
Spellcasting   | 1 2 3 5 6 8 |  8.3
Conjurations   | 1 2 3 4 |  4.5
Poison Magic   | 1 2 4 6 |  6.7
Earth Magic    | 3 |  3.4
Air Magic      | 3 4 |  4.2
Armour         | 3 4 |  4.0
Throwing       | |  1.7

Action                     |  1- 3 |  4- 6 |  7- 9 | 10-12 || total
---------------------------+-------+-------+-------+-------++-------
  Melee: Long sword        |   129 |    65 |   149 |       ||   343
         Punch             |       |     1 |     2 |     4 ||     7
         Kick              |       |       |    46 |    45 ||    91
         Scimitar          |       |       |    53 |   152 ||   205
  Throw: Throwing net      |       |     3 |     1 |       ||     4
         Javelin           |       |       |     6 |     3 ||     9
   Cast: Mephitic Cloud    |       |       |     1 |     8 ||     9
 Invoke: Heroism           |       |       |       |     1 ||     1
  Evoke: Wand              |       |     5 |     3 |    12 ||    20
    Use: Potion            |     1 |     2 |       |     2 ||     5
         Scroll            |       |     3 |     2 |     2 ||     7
   Stab: Sleeping          |     4 |       |     6 |       ||    10
         Distracted        |       |     1 |       |       ||     1
         Paralysed         |       |       |     4 |     1 ||     5
         Confused          |       |       |       |     3 ||     3
 Armour: Leather armour    |    43 |     3 |       |       ||    46
         Plate armour      |       |    40 |    89 |       ||   129
         Troll leather arm |       |       |     8 |       ||     8
         Scale mail        |       |       |    14 |    52 ||    66
  Dodge: Dodged            |    74 |    17 |    72 |    70 ||   233
  Block: Other             |       |       |    36 |    42 ||    78
         Reflection        |       |       |       |     6 ||     6

Table legend: (Time is in decaauts)
 A = Elapsed time spent in this place.
 B = Non-inter-level travel time spent in this place.
 C = Inter-level travel time spent in this place.
 D = Time resting spent in this place.
 E = Time spent auto-exploring this place.
 F = Levels seen in this place.
 G = Mean time per level.
                   A        B        C        D        E       F      G
               +--------+--------+--------+--------+--------+-----+--------+
         Total |   9509 |   8777 |    732 |   1083 |   5769 |  10 |  950.9 |
       Dungeon |   9480 |   8769 |    711 |   1083 |   5769 |   9 | 1053.3 |
        Temple |     29 |      8 |     21 |      0 |      0 |   1 |   29.0 |
               +--------+--------+--------+--------+--------+-----+--------+

Top non-repeatable levels by time:
     D:4: 1667 daAuts
     D:5: 1494 daAuts
     D:9: 1321 daAuts
     D:7: 957 daAuts
     D:1: 957 daAuts
     D:3: 890 daAuts
     D:6: 821 daAuts
     D:2: 773 daAuts
     D:8: 595 daAuts
  Temple: 29 daAuts
